 Dungeon Crawl Stone Soup version 0.18-a0-1702-gd20c6a5 (webtiles) character file.

8568 FlyingLobster the Blocker (level 11, -2/95 HPs)
             Began as a Minotaur Fighter on Apr 6, 2016.
             Was a Priest of Trog.
             Slain by a minotaur zombie (15 damage)
             ... in a labyrinth.
             The game lasted 02:38:04 (10324 turns).

FlyingLobster the Blocker (Minotaur Fighter)       Turns: 10324, Time: 02:38:05

Health: -2/95      AC: 17    Str: 22    XL:     11   Next: 11%
Magic:  10/10      EV:  3    Int:  9    God:    Trog [***...]
Gold:   402        SH: 12    Dex: 12    Spells: 0 memorised, 10 levels left

rFire  + . .     SeeInvis .     a - +0 war axe
rCold  x . .     Gourm    .     b - +1 plate armour of the Armadillo {Int+4 Slay+3}
rNeg   . . .     Faith    .     c - +0 shield
rPois  .         Spirit   .     (helmet restricted)
rElec  .         Dismiss  .     (no cloak)
rCorr  .         Reflect  .     z - -1 pair of gloves (curse)
SustAt .         Harm     .     y - +0 pair of boots {Stlth+}
MR     ++...                    (no amulet)
Stlth  ..........               T - ring of fire
                                x - ring of loudness (curse)

@: exhausted, regenerating, slowed, very slow, very resistant to hostile
enchantments, extremely unstealthy
A: retaliatory headbutt, horns 2
a: Berserk, Trog's Hand, Burn Spellbooks, Renounce Religion


You were in a labyrinth.
You worshipped Trog.
Trog was most pleased with you.
You were not hungry.

You visited 2 branches of the dungeon, and saw 11 of its levels.
You also visited: Labyrinth.

You collected 571 gold pieces.
You spent 169 gold pieces at shops.

Inventory:

Hand Weapons
 a - a +0 war axe (weapon)
Missiles
 g - 108 stones (quivered)
 k - 5 poisoned javelins
 R - 3 silver javelins
Armour
 b - the +1 plate armour of the Armadillo (worn) {Int+4 Slay+3}
   (You found it in a labyrinth)

   It affects your intelligence (+4).
   It affects your accuracy and damage with ranged weapons and melee attacks
   (+3).
 c - a +0 shield (worn)
 y - a +0 pair of boots of stealth (worn)
 z - a cursed -1 pair of gloves (worn)
Jewellery
 q - an uncursed amulet of dismissal
 r - an uncursed ring of magical power
 x - a cursed ring of loudness (left hand)
 T - a ring of fire (right hand)
 U - the amulet "Biosoas" {Reflect *Corrode rF+ MR+ Int+3 SH+4, unknown}
   (You found it in a labyrinth)

   [amulet of reflection]

   It shields you and reflects attacks.
   It affects your intelligence (+3).
   It protects you from fire.
   It affects your resistance to hostile enchantments.
   It may corrode you when you take damage.
   It affects your SH (+4).
 Z - a cursed -3 ring of evasion {unknown}
Wands
 Q - a wand of paralysis (12/24)
 X - a wand of disintegration (17/24)
Scrolls
 m - 19 scrolls of identify {unknown}
 n - 5 scrolls of remove curse {unknown}
 p - 4 scrolls of magic mapping {unknown}
 t - a scroll of noise {unknown}
 v - 2 scrolls of enchant weapon {unknown}
 C - 2 scrolls of fear {unknown}
 F - 5 scrolls of teleportation {unknown}
 I - 2 scrolls of amnesia {unknown}
 N - a scroll of immolation {unknown}
 O - a scroll of fog {unknown}
Potions
 d - 2 potions of might
 e - a potion of flight {unknown}
 h - 2 potions of cancellation {unknown}
 i - 3 potions of brilliance {unknown}
 j - a potion of cure mutation {unknown}
 s - 4 potions of curing
 w - a potion of mutation {unknown}
 E - a potion of berserk rage {unknown}
 G - 2 potions of ambrosia {unknown}
 H - a potion of lignification {unknown}
 K - 2 potions of magic {unknown}
 S - a potion of degeneration {unknown}
Books
 Y - the Compendium of Flying Ignition
   (You found it in a labyrinth)

   Spells                             Type                      Level
   a - Static Discharge               Conjuration/Air              3
   b - Bolt of Magma                  Conjuration/Fire/Earth       5
   c - Poisonous Cloud                Conjuration/Poison/Air       6
   d - Conjure Ball Lightning         Conjuration/Air              6
   Trog disapproves of the use of such an item.
Comestibles
 l - 5 meat rations
 A - 2 chunks of flesh
 D - 2 beef jerkies


   Skills:
 + Level 8.4 Fighting
 + Level 9.0 Axes
 + Level 7.4 Throwing
 + Level 10.1 Armour
 + Level 5.2 Dodging
 + Level 1.0 Stealth
 + Level 10.1 Shields


You had 10 spell levels left.
You didn't know any spells.

Dungeon Overview and Level Annotations

Branches:
Dungeon (12/15)            Temple (1/1) D:6
   Lair: D:8-11         Orc: D:9-12

Altars:
Ashenzari
Cheibriados
Dithmenos
Elyvilon
Fedhas
Gozag
Kikubaaqudgha
Makhleb
Nemelex Xobeh
Okawaru
Pakellas
Qazlal
Ru
Sif Muna
Trog
Vehumet
Xom
Yredelemnul
Zin
The Shining One

Shops:
D:4 !   D:5 ?   D:7 }


Innate Abilities, Weirdness & Mutations

You reflexively headbutt those who attack you in melee.
You have a pair of horns on your head.


Message History

You slash the minotaur zombie! You headbutt the minotaur zombie!
The minotaur zombie hits you!!
* * * LOW HITPOINT WARNING * * *
You block the minotaur zombie's attack. The minotaur zombie barely misses you.
The minotaur zombie gores you.
* * * LOW HITPOINT WARNING * * *
Your skin crawls.
You feel resistant to hostile enchantments.
You feel slightly more hungry. The minotaur zombie hits you!
* * * LOW HITPOINT WARNING * * *
The minotaur zombie gores you but does no damage.
Items here: ( ) /////// [[[[ You block the minotaur zombie's attack.
The minotaur zombie gores you but does no damage.
There is an escape hatch in the ceiling, spattered with blood here.
Things that are here:
11 sling bullets of flame; a glowing longbow; a robe You feel the effects of Trog's Hand fading.
The minotaur zombie hits you!
You die...

. . # # . # #
### . #.# . #
###'## # ### .#
#..⌠.# .
.....###@/..###
#.'.'.Z.⌠')#
#..###.⌠..###
## # . ##'###
.. ... #.# ###
.. ### #... ...
. # . # . . #.


You could see a minotaur zombie.

Vanquished Creatures
  A minotaur (Lab)
  A deep elf mage (D:12)
  A cyclops (D:12)
  A centaur zombie (D:12)
  4 gargoyles (Lab)
  A minotaur zombie (Lab)
  A troll (D:9)
  A minotaur skeleton (Lab)
  2 redbacks (Lab)
  A spriggan (D:7)
  2 hippogriffs (D:9)
  6 hungry ghosts
  2 water moccasins
  3 orc warriors
  A sky beast (D:9)
  Purgy (D:3)
  3 ice beasts
  A wasp (D:12)
  A black bear (D:12)
  A phantom (D:5)
  3 centaurs
  3 ogres
  2 big kobolds (D:9)
  3 giant frogs
  A scorpion (D:9)
  A troll skeleton (Lab)
  2 spriggan skeletons (Lab)
  3 crimson imps
  6 hounds
  4 lava snakes (Lab)
  2 jellies
  An orc priest (D:12)
  5 orc wizards
  2 centaur skeletons
  Jessica (D:2)
  2 giant frog skeletons
  8 worker ants
  An ogre skeleton (Lab)
  2 hound skeletons
  9 adders
  3 shadow imps
  An adder skeleton (D:3)
  6 worms
  2 giant geckos
  16 orcs
  A giant cockroach (D:1)
  7 goblins
  4 hobgoblins
  7 jackals
  13 kobolds
  6 quokkas
  2 ball pythons
  2 bats
  A giant cockroach zombie (D:5)
  7 giant newts
  A quokka skeleton (D:5)
  6 rats
  A bush (D:6)
  7 plants (D:6)
189 creatures vanquished.

Notes
Turn   | Place    | Note
--------------------------------------------------------------
     0 | D:1      | FlyingLobster the Minotaur Fighter began the quest for the Orb.
     0 | D:1      | Reached XP level 1. HP: 19/19 MP: 0/0
   250 | D:1      | Reached XP level 2. HP: 27/27 MP: 1/1
   738 | D:2      | Noticed Jessica
   743 | D:2      | Killed Jessica
   743 | D:2      | Reached XP level 3. HP: 33/33 MP: 2/2
   866 | D:2      | Found a faded altar to an unknown god.
   890 | D:2      | Became a worshipper of Trog the Wrathful
   890 | D:2      | Reached * piety under Trog
   923 | D:2      | Reached skill level 1 in Throwing
  1025 | D:2      | Reached XP level 4. HP: 40/40 MP: 3/3
  1303 | D:2      | You fall through a shaft!
  1374 | D:3      | Reached skill level 5 in Armour
  1729 | D:3      | Found an iron altar of Okawaru.
  1743 | D:3      | Reached ** piety under Trog
  1890 | D:3      | Noticed Purgy
  1919 | D:3      | Found a glowing golden altar of the Shining One.
  1921 | D:3      | Found a basalt altar of Yredelemnul.
  1968 | D:3      | Killed Purgy
  1968 | D:3      | Reached skill level 1 in Dodging
  1968 | D:3      | Reached XP level 5. HP: 29/46 MP: 4/4
  2303 | D:4      | Found Disameogh's Distillery.
  2306 | D:4      | Bought a potion of heal wounds for 65 gold pieces
  2306 | D:4      | Bought a potion of heal wounds for 65 gold pieces
  2306 | D:4      | Bought a potion of curing for 39 gold pieces
  2510 | D:4      | Reached XP level 6. HP: 47/53 MP: 5/5
  2855 | D:5      | Entered Level 5 of the Dungeon
  3122 | D:5      | Found Bucipt's Magic Scroll Shoppe.
  3167 | D:5      | Reached XP level 7. HP: 34/60 MP: 6/6
  3554 | D:5      | Reached skill level 5 in Shields
  3829 | D:6      | Reached skill level 5 in Fighting
  4227 | D:6      | Found a sparkling altar of Nemelex Xobeh.
  4308 | D:6      | Reached XP level 8. HP: 43/68 MP: 7/7
  4323 | D:6      | Found a staircase to the Ecumenical Temple.
  4335 | Temple   | Entered the Ecumenical Temple
  5060 | D:7      | Found Litredo's Gadget Shop.
  5296 | D:7      | Found a shimmering altar of Xom.
  5297 | D:7      | Found a shimmering altar of Xom.
  5297 | D:7      | Found a shimmering altar of Xom.
  5298 | D:7      | Found a shimmering altar of Xom.
  5298 | D:7      | Found a shimmering altar of Xom.
  5298 | D:7      | Found a shimmering altar of Xom.
  5298 | D:7      | Found a shimmering altar of Xom.
  5298 | D:7      | Found a shimmering altar of Xom.
  5324 | D:7      | Reached *** piety under Trog
  5392 | D:7      | Reached skill level 5 in Axes
  6153 | D:8      | Found an opulent altar of Gozag.
  6208 | D:8      | Reached XP level 9. HP: 75/75 MP: 8/8
  6249 | D:8      | Reached skill level 5 in Throwing
  6383 | D:8      | Received a gift from Trog
  6503 | D:8      | Found a white marble altar of Elyvilon.
  6505 | D:8      | Found a blossoming altar of Fedhas.
  6505 | D:8      | Found an ancient bone altar of Kikubaaqudgha.
  6507 | D:8      | Found an oddly glowing altar of Pakellas.
  6507 | D:8      | Found a sacrificial altar of Ru.
  6507 | D:8      | Found a shadowy altar of Dithmenos.
  6508 | D:8      | Found a snail-covered altar of Cheibriados.
  7017 | D:9      | Noticed a troll
  7032 | D:9      | Killed a troll
  7098 | D:9      | Received a gift from Trog
  7131 | D:9      | Found a stormy altar of Qazlal.
  7408 | D:9      | Reached **** piety under Trog
  7512 | D:9      | You fall through a shaft for 3 floors!
  7622 | D:12     | Reached XP level 10. HP: 73/86 MP: 9/9
  7654 | D:12     | Found a labyrinth entrance.
  7654 | D:12     | Noticed a deep elf mage
  7660 | D:12     | Reached skill level 5 in Dodging
  7661 | D:12     | Noticed a cyclops
  7666 | D:12     | Killed a deep elf mage
  7680 | D:12     | Killed a cyclops
  7696 | Lab      | Entered a labyrinth
  7733 | Lab      | Noticed a gargoyle
  7749 | Lab      | Killed a gargoyle
  7750 | Lab      | Noticed a gargoyle
  7762 | Lab      | Killed a gargoyle
  8068 | Lab      | Noticed a gargoyle
  8087 | Lab      | Killed a gargoyle
  8303 | Lab      | Noticed a gargoyle
  8313 | Lab      | Killed a gargoyle
  8511 | Lab      | Found an exit through the horrors of the Abyss.
  8584 | Lab      | Reached skill level 10 in Shields
 10082 | Lab      | Found an exit through the horrors of the Abyss.
 10235 | Lab      | Noticed a minotaur
 10245 | Lab      | Killed a minotaur
 10245 | Lab      | Reached skill level 10 in Armour
 10245 | Lab      | Reached skill level 1 in Stealth
 10245 | Lab      | Reached XP level 11. HP: 95/95 MP: 10/10
 10254 | Lab      | Got a flickering ruby amulet
 10254 | Lab      | Identified the Compendium of Flying Ignition
 10260 | Lab      | Got an ancient plate armour
 10265 | Lab      | Got a spiked scale mail
 10265 | Lab      | Got a steaming leather armour
 10277 | Lab      | Identified the +1 plate armour of the Armadillo {Int+4 Slay+3} (You found it in a labyrinth)
 10324 | Lab      | Slain by a minotaur zombie

Vault maps used:
D:1:      elethiomel_arrival_shortcut
D:2:      ecumenical_altar_2, uniq_jessica
D:3:      nicolae_overflow_hidden_temple, uniq_purgy
D:4:      first_bread, serial_shops, kennysheep_mini_moat,
          kennysheep_generic_room_12
D:5:      serial_shops, nicolae_shop_competitors_out_of_business
D:6:      minmay_temple_entry_overgrown, basic_altar, hex_medium
D:7:      xom_shifter_show, basic_altar, serial_shops, shop, the_bakery
D:8:      grunt_temple_overflow_open, grunt_gozag_breadcrumbs
D:9:      lemuel_coloured_pillars_altar, serial_shops, nicolae_shop_statue_plus,
          tgw_sif
D:12:     lab_entry_generic
Temple:   minmay_temple_curvy_8
Lab:      labyrinth_hidden_loot, nicolae_lab_blocks, labyrinth_skeletal_remains,
          nicolae_lab_do_over, nicolae_lab_diamond, nicolae_lab_flowing_pool,
          labyrinth_lava_lair, nicolae_lab_statue, nicolae_lab_grate,
          nicolae_lab_plus

Skill      XL: |  1  2  3  4  5  6  7  8  9 10 |
---------------+-------------------------------+-----
Armour         | 4 5 6 7 8 10 | 10.1
Fighting       | 4 5 7 8 |  8.4
Shields        | 4 5 6 8 10 | 10.1
Throwing       | 1 2 3 4 6 7 |  7.4
Axes           | 3 4 5 7 9 |  9.0
Dodging        | 1 2 3 4 5 |  5.2
Stealth        | 1 |  1.0

Action                   |  1- 3 |  4- 6 |  7- 9 | 10-12 || total
-------------------------+-------+-------+-------+-------++-------
Melee: War axe           |    53 |   111 |   414 |   185 ||   763
Throw: Stone             |    13 |    24 |    68 |    26 ||   131
       Tomahawk          |    31 |    17 |    82 |    13 ||   143
Invok: Berserk           |       |     1 |     1 |     6 ||     8
       Burn Spellbooks   |       |     1 |       |       ||     1
       Trog's Hand       |       |     1 |     1 |     4 ||     6
  Use: Potion            |       |     1 |       |     3 ||     4
  Eat: Meat ration       |       |     2 |       |       ||     2
       Chunk             |       |     1 |       |       ||     1
       Pizza             |       |     1 |     1 |       ||     2
       Bread ration      |       |       |     6 |     5 ||    11
       Beef jerky        |       |       |       |     1 ||     1
